 Dungeon Crawl Stone Soup version 0.31.0-12-g77e489cdc1 (webtiles) character file.

Game seed: 10073695423368204230

291 Silvore the Cudgeller (level 6, 0/53 HPs)
             Began as a Minotaur Fighter on Feb 25, 2024.
             Was an Initiate of the Shining One.
             Slain by Menkaure (10 damage)
             ... on level 4 of the Dungeon.
             The game lasted 00:03:37 (2776 turns).

Silvore the Cudgeller (Minotaur Fighter)            Turns: 2776, Time: 00:03:38

Health: 0/53       AC:  9    Str: 23    XL:     6   Next: 10%
Magic:  5/5        EV:  9    Int:  5    God:    the Shining One [......]
Gold:   169        SH:  4    Dex:  9    Spells: 5/5 levels left

rFire   . . .        m - +0 mace
rCold   . . .        c - +0 buckler
rNeg    . . .        b - +0 scale mail
rPois   .            (helmet restricted)
rElec   .            (no cloak)
rCorr   .            g - +1 pair of gloves
SInv    .            (no boots)
Will    .....        (no amulet) Stlth
                     (no ring)
HPRegen 0.28/turn    (no ring)
MPRegen 0.09/turn

%: no passive effects
@: mighty, glowing
A: horns 2, retaliatory headbutt
a: Renounce Religion


You were on level 4 of the Dungeon.
You worshipped the Shining One.
The Shining One was noncommittal.
You visited 1 branch of the dungeon, and saw 4 of its levels.

You collected 169 gold pieces.

Inventory:

Hand Weapons
 a - a +0 flail
 m - a +0 mace (weapon)
Armour
 b - a +0 scale mail (worn)
 c - a +0 buckler (worn)
 g - a +1 pair of gloves (worn)
Jewellery
 h - a ring of poison resistance
Scrolls
 f - 3 scrolls of vulnerability
Potions
 i - a potion of attraction
 k - a potion of curing {unknown}
 l - 2 potions of berserk rage


   Skills:
 + Level 4.4 Fighting
 + Level 5.8 Maces & Flails
 + Level 4.6 Armour
 + Level 1.0 Dodging
 + Level 0.4 Stealth
 + Level 4.5 Shields


You had 5 spell levels left.
You didn't know any spells.
Your spell library contained the following spells:

 Spells                   Type           Power      Damage    Failure   Level
 Gell's Gravitas          Tloc           0%         N/A       99%         3
 Teleport Other           Tloc           0%         N/A       99%         3
 Dispersal                Tloc           0%         N/A       100%        6


Dungeon Overview and Level Annotations

Branches:
Dungeon (4/15)
 Temple: D:4-7

Altars:
Cheibriados
The Shining One

Shops:
D:4 *

Annotations:
D:4 Menkaure


Innate Abilities, Weirdness & Mutations

You have a pair of horns on your head.
You reflexively headbutt those who attack you in melee.


Message History

You closely miss the ball python. Your headbutt misses the ball python.
The ball python bites you but does no damage.
The ball python constricts you.
You sock the ball python!
You kill the ball python!
You see here a ball python corpse.
You see here a ball python corpse.
You enter the shallow water.
Moving in this stuff is going to be slow.
You enter the shallow water.
Moving in this stuff is going to be slow.
You enter the shallow water.
Moving in this stuff is going to be slow.
You now have 169 gold pieces (gained 11).
f - 3 scrolls of vulnerability (gained 1)
You see here a ball python skeleton.
There is a stone staircase leading up here.
You enter the shallow water.
Moving in this stuff is going to be slow.
Found a throwing net.
You see here a +1 robe of willpower.
Found Boymm's Assorted Antiques.
Found an escape hatch in the ceiling.
Found a stone staircase leading down.
Menkaure, Prince of Dust comes into view.
Menkaure shouts!
Menkaure calls on the powers of darkness!
Your body is wracked with pain!
You hear a shout!
You hear a splashing noise.
Menkaure gestures at you while chanting.
Pain shoots through your body!
* * * LOW HITPOINT WARNING * * *
You see here a throwing net.
You hear a splashing noise.
You feel very mighty all of a sudden.
Menkaure calls on the powers of darkness!
Your body is wracked with pain!
* * * LOW HITPOINT WARNING * * *
Menkaure hits you!
You die...

~~~~P~.##.##.# ##..##.
# ♣♣♣~♣.....##.# #..8..
..
♣.####.###.###.#.##..
#.###...##.##.8.∩.8 .#.
.........#.##..#<##....
.####...[#......8>/.#
#.........(.....#
#..#.#####.#.####
♣P♣♣♣♣....@#.# P~~
♣~~~#..M..# #P~~
~~≈~P♣♣♣### #♣~~ ~≈≈≈P
~~≈≈ ~~~ ~~~


You could see Menkaure.

Vanquished Creatures
  A bombardier beetle (D:3)
  Jessica (D:2)
  An iguana (D:4)
  Terence (D:3)
  Natasha (twice) (D:3)
  Robin (D:2)
  4 adders
  4 dart slugs
  2 ribbon worms
  2 orcs (D:3)
  4 endoplasms
  4 giant cockroaches
  13 goblins
  7 hobgoblins
  3 jackals (D:2)
  7 kobolds
  A quokka (D:2)
  7 ball pythons
  4 bats
  4 frilled lizards
  2 rats
75 creatures vanquished.

Notes
Turn   | Place    | Note
-------+----------+-------------------------------------------
     0 | D:1      | Silvore the Minotaur Fighter began the quest for the Orb.
     0 | D:1      | Reached XP level 1. HP: 19/19 MP: 0/0
   179 | D:1      | Reached XP level 2. HP: 27/27 MP: 1/1
   649 | D:2      | Noticed Robin
   651 | D:2      | Reached XP level 3. HP: 33/33 MP: 2/2
   684 | D:2      | Killed Robin
   685 | D:2      | Reached skill level 3 in Maces & Flails
   979 | D:2      | Reached XP level 4. HP: 35/41 MP: 3/3
  1468 | D:2      | Noticed Jessica
  1473 | D:2      | Killed Jessica
  1474 | D:2      | Reached skill level 4 in Maces & Flails
  1661 | D:3      | Reached skill level 1 in Dodging
  1716 | D:3      | Reached XP level 5. HP: 47/47 MP: 4/4
  1748 | D:3      | Found a glowing golden altar of the Shining One.
  1858 | D:3      | Found a snail-covered altar of Cheibriados.
  1938 | D:3      | Noticed Terence
  1945 | D:3      | Killed Terence
  1946 | D:3      | Reached skill level 5 in Maces & Flails
  2031 | D:3      | Became a worshipper of the Shining One
  2248 | D:3      | Noticed Natasha
  2254 | D:3      | Killed Natasha
  2315 | D:3      | Noticed Natasha
  2319 | D:3      | Killed Natasha
  2540 | D:4      | Reached XP level 6. HP: 32/53 MP: 5/5
  2767 | D:4      | Found Boymm's Assorted Antiques.
  2771 | D:4      | Noticed Menkaure
  2776 | D:4      | Slain by Menkaure

Illustrated notes

Levels and vault maps discovered:
D:1:      spicycebolla_green_bress_n_ham_2, layout_basic
D:2:      layout_loops_corners, minivault_24, dreamdust_princess_bridge,
          uniq_robin, uniq_jessica
D:3:      layout_loops_corners, slow_altar_1, tso_altar, uniq_terence,
          uniq_natasha
D:4:      layout_loops_ring, lemuel_doored_altar,
          minmay_temple_entry_statues_pillars, serial_shops,
          nicolae_shop_statue_plus, serial_bayou, serial_bayou_pond_e,
          serial_bayou_ford_a, serial_bayou_lake_a, serial_bayou_shore_b,
          grunt_ministairs_7, kennysheep_generic_room_5, uniq_menkaure,
          uniq_ijyb

Skill      XL: |  1  2  3  4  5 |
---------------+----------------+-----
Fighting       | 4 |  4.4
Armour         | 4 |  4.6
Shields        | 4 |  4.5
Maces & Flails | 3 4 5 |  5.8
Dodging        | 1 |  1.0
Stealth        | |  0.4

Action                     |  1- 3 |  4- 6 || total
---------------------------+-------+-------++-------
  Melee: Flail             |    91 |    46 ||   137
         Headbutt          |     9 |    12 ||    21
         Mace              |       |    33 ||    33
    Use: Scroll            |     1 |     4 ||     5
         Potion            |       |     1 ||     1
 Armour: Scale mail        |   100 |    40 ||   140
  Dodge: Dodged            |    45 |    31 ||    76
  Block: Buckler           |    18 |    17 ||    35
